Map: Prion Terraces

Players

lesha

  • Race: Terran Terran
  • League: Silver

PartinG - Winner!

  • Race: Protoss Protoss

VOD

Have the link to the VOD?

Description

Time

  • Played on: Dec. 30, 2015, 8:31 a.m.
  • Length: 4:42
Show
View Real Time Build Order
Export as new Build Order

lesha Terran 

Build Orders: Reaper Expand 

Get SALT Encoding   

  12  0:01  SCV  
  13  0:13  SCV  
  14  0:19  Supply Depot  
  14  0:25  SCV  
  15  0:41  SCV  
  15  0:42  Barracks  
  16  0:48  Refinery  
  16  0:53  SCV  
  17  1:05  SCV  
  18  1:17  SCV  
  19  1:32  Orbital Command  
  19  1:35  Reaper  
  20  1:42  Command Center  
  20  1:51  Supply Depot  
  20  1:54  Refinery  
  20  1:59  SCV  
  21  2:11  SCV  
  21  2:14  Barracks Reactor  
  22  2:24  SCV  
  22  2:29  Factory  
  23  2:36  SCV  
  24  2:48  SCV  
  25  2:55  Barracks  
  25  2:57  Marine x2  
  25  2:58  Barracks  
  27  3:00  SCV  
  28  3:16  Hellion  
  29  3:32  SCV  
  29  3:35  Orbital Command  
  29  3:37  Marine  
  31  3:42  Marine  
  31  3:44  SCV  
  32  3:54  Marine  
  32  3:55  Marine  
  31  3:56  Hellion  
  31  4:00  Marine  
  26  4:12  Marine x2  
  26  4:18  Marine  
Show
View Real Time Build Order
Export as new Build Order

PartinG Protoss - Winner!

Build Orders: Mass Adepts 

Get SALT Encoding   

  12  0:01  Probe (Chrono Boost)  
  13  0:12  Probe (Chrono Boost)  
  14  0:18  Pylon  
  14  0:22  Probe (Chrono Boost)  
  15  0:36  Probe (Chrono Boost)  
  15  0:41  Gateway  
  16  0:47  Probe (Chrono Boost), Assimilator  
  17  0:57  Gateway  
  17  1:01  Probe (Chrono Boost)  
  18  1:11  Probe (Chrono Boost)  
  19  1:20  Pylon  
  19  1:22  Probe (Chrono Boost)  
  20  1:29  Cybernetics Core  
  20  1:33  Probe (Chrono Boost)  
  20  1:37  Assimilator  
  21  1:43  Probe (Chrono Boost)  
  22  1:52  Gateway  
  22  1:55  Probe (Chrono Boost)  
  23  2:06  Warp Gate  
  23  2:07  Adept x2 (Chrono Boost)  
  27  2:19  Mothership Core  
  29  2:24  Pylon  
  29  2:26  Pylon  
  29  2:36  Adept (Chrono Boost)  
  31  2:42  Adept (Chrono Boost)  
  35  2:53  Adept (Chrono Boost)  
  35  3:00  Pylon  
  35  3:03  Adept (Chrono Boost)  
  37  3:14  Adept (Chrono Boost)  
  41  3:20  Adept (Chrono Boost)  
  43  3:30  Adept (Chrono Boost)  
  43  3:36  Pylon  
  43  3:37  Adept (Chrono Boost)  
  45  3:47  Adept (Chrono Boost)  
  47  3:59  Adept (Chrono Boost)  
  47  4:01  Adept (Chrono Boost)  
  49  4:10  Twilight Council  
  49  4:12  Forge  
Tags
 
Add a new tag
Caveats
  • Supply blocks, unpowered buildings, or Contaminate may cause inaccurate times.
  • Supply counts are checked every 10 seconds.